 Seeded DCSS version 0.30-a0-122-g2a1322497e (webtiles) character file.

Game seed: 8392815077818668581 (custom seed)

3758 NinjaNoafa the Stinger (level 9, -7/60 HPs)
             Began as a Demonspawn Venom Mage on Sept 16, 2022.
             Was a Believer of Qazlal.
             Mangled by a two-headed ogre
             ... wielding a +0 giant club
              (14 damage)
             ... on level 9 of the Dungeon.
             The game lasted 00:38:14 (12844 turns).

NinjaNoafa the Stinger (Demonspawn Venom Mage)     Turns: 12844, Time: 00:38:14

Health: -7/60      AC:  9    Str:  5    XL:     9   Next: 94%
Magic:  1/16       EV: 13    Int: 27    God:    Qazlal [**....]
Gold:   75         SH:  3    Dex: 14    Spells: 0/18 levels left

rFire   + + +      SeeInvis +    q - +2 dagger "Cank" {speed, rC+ rN+++ Int+3 SInv}
rCold   + . .      Faith    +    (no shield)
rNeg    + + +      Spirit   .    n - +1 robe "Usuawifa" {*Slow Regen+ Dex+7 Archmagi}
rPois   .          Reflect  .    (no helmet)
rElec   .          Harm     .    d - +2 cloak
rCorr   +          Rampage  .    f - +1 pair of gloves
Will    +++..      Archmagi +    (no boots)
Stlth   ++........               l - amulet "Ducavate" {Faith rF++ rCorr Str-4 Dex-5}
HPRegen 1.00/turn                h - ring of the Scarab {Wiz Will++}
MPRegen 0.15/turn                m - ring of wizardry

@: studying Short Blades
A: rugged brown scales 1, spiny 1, demonic touch 2, clever 1, fire resistance 1,
strong-willed 1, sense surroundings 1
a: Renounce Religion, Upheaval


You were on level 9 of the Dungeon.
You worshipped Qazlal.
Qazlal was pleased with you.
You visited 2 branches of the dungeon, and saw 10 of its levels.

You collected 480 gold pieces.
You spent 405 gold pieces at shops.

Inventory:

Hand Weapons
 q - the +2 dagger "Cank" (weapon) {speed, rC+ rN+++ Int+3 SInv}
   (You bought it in a shop on level 7 of the Dungeon)

   Attacks with this weapon are significantly faster.
   Int:       It affects your intelligence (+3).
   rC:        It protects you from cold.
   rN:        It renders you almost immune to negative energy.
   SInv:      It lets you see invisible.
Missiles
 e - 54 stones
 g - 20 poisoned darts
 p - 2 throwing nets
 s - a boomerang (quivered)
Armour
 d - a +2 cloak (worn)
 f - a +1 pair of gloves (worn)
 n - the +1 robe "Usuawifa" (worn) {*Slow Regen+ Dex+7 Archmagi}
   (You found it on level 4 of the Dungeon)

   Dex:       It affects your dexterity (+7).
   Regen:     It increases your rate of health regeneration.
   *Slow:     It may slow you when you take damage.
   Archmagi:  It increases the power of your magical spells.
Jewellery
 h - the ring of the Scarab (left hand) {Wiz Will++}
   (You found it on level 2 of the Dungeon)

   [ring of wizardry]

   It improves your spell success rate.
   Will:      It greatly increases your willpower.
 l - the amulet "Ducavate" (around neck) {Faith rF++ rCorr Str-4 Dex-5}
   (You found it on level 3 of the Dungeon)

   [amulet of faith]

   It allows you to gain divine favour quickly.
   Str:       It affects your strength (-4).
   Dex:       It affects your dexterity (-5).
   rF:        It greatly protects you from fire.
   rCorr:     It protects you from acid and corrosion.
 m - a ring of wizardry (right hand)
Wands
 i - a wand of polymorph (13)
 u - a wand of digging (3)
Scrolls
 b - a scroll of silence
 c - 2 scrolls of vulnerability
 j - 4 scrolls of identify
 v - a scroll of enchant armour
 y - a scroll of enchant weapon
 A - a scroll of immolation
Potions
 a - a potion of brilliance
 o - a potion of flight
 r - a potion of mutation


   Skills:
 + Level 1.3 Fighting
 + Level 1.2 Short Blades
 - Level 3.0 Staves
 - Level 3.0 Dodging
 - Level 3.0 Stealth
 - Level 5.0 Spellcasting
 - Level 3.0 Conjurations
 - Level 3.0 Hexes
 - Level 3.0 Transmutations
 + Level 4.5 Fire Magic
 - Level 5.0 Air Magic
 - Level 7.0 Poison Magic
 - Level 3.0 Invocations
 - Level 3.0 Evocations


You couldn't memorise any spells.
You knew the following spells:

 Your Spells              Type           Power      Damage    Failure   Level
a - Sting                 Tmut/Pois      100%       1d8       1%          1
b - Poisonous Vapours     Pois/Air       100%       N/A       1%          2
c - Wereblood             Tmut           34%        N/A       1%          2
d - Slow                  Hex            100%       N/A       1%          1
e - Shock                 Conj/Air       100%       1d9       1%          1
f - Passwall              Tmut/Erth      18%        N/A       1%          2
g - Ensorcelled Hibernat  Hex/Ice        44%        N/A       1%          2
h - Olgreb's Toxic Radia  Pois           61%        N/A       1%          4
i - Inner Flame           Hex/Fire       40%        N/A       1%          3

Your spell library contained the following spells:

 Spells                   Type           Power      Damage    Failure   Level
 Dazzling Flash           Conj/Hex       68%        N/A       1%          3
 Mephitic Cloud           Conj/Pois/Air  50%        N/A       1%          3
 Swiftness                Air            50%        N/A       1%          3
 Sublimation of Blood     Necr           10%        N/A       3%          2
 Cause Fear               Hex            17%        N/A       5%          4
 Iskenderun's Mystic Bla  Conj/Tloc      22%        2d6       11%         4
 Starburst                Conj/Fire      20%        6d7       50%         6
 Summon Hydra             Summ           5%         N/A       100%        7
 Discord                  Hex            17%        N/A       100%        8


Dungeon Overview and Level Annotations

Branches:
Dungeon (9/15)             Temple (1/1) D:6
   Lair: D:8-11         Orc: D:9-12

Altars:
Ashenzari
Dithmenos
Hepliaklqana
Kikubaaqudgha
Makhleb
Okawaru
Qazlal
Ru
Sif Muna
Trog
Wu Jian
Xom
Yredelemnul

Shops:
D:7 ([[!   D:8 :


Innate Abilities, Weirdness & Mutations

You are partially covered in rugged brown scales. (AC +1, +3% HP)
You are partially covered in sharp spines.
Your touch may inflict irresistible damage on your foes.
Your mind is acute. (Int +4, Str/Dex -1)
Your flesh is heat resistant. (rF+)
You are strong-willed. (Will+)
You passively map a small area around you.


Message History

Throw: boomerang
Press: ? - help, Q - select action, (/) - cycle Shift-Dir - straight line, f/p - two-headed ogre
Aim: a two-headed ogre, wielding two +0 giant clubs (severely wounded, 73% to hit)
You throw a boomerang.
The boomerang hits the two-headed ogre but does no damage.
The two-headed ogre is severely wounded.
Aiming: Polymorph
Press: ? - help, Shift-Dir - straight line, f/p - two-headed ogre
Aim: a two-headed ogre, wielding two +0 giant clubs (severely wounded, will become a faun, a glowing orange brain, or a slime creature, chance to affect: 38%)
The two-headed ogre resists with some effort.
Aiming: Polymorph
Press: ? - help, Shift-Dir - straight line, f/p - two-headed ogre
Aim: a two-headed ogre, wielding two +0 giant clubs (severely wounded, will become a faun, a glowing orange brain, or a slime creature, chance to affect: 38%)
The two-headed ogre resists with some effort.
The two-headed ogre is struck by your spines.
The two-headed ogre hits you with a +0 giant club!
* * * LOW HITPOINT WARNING * * *
The two-headed ogre completely misses you.
As you read the scroll labelled UGUNUO CAELU, it crumbles to dust.
It is a scroll of brand weapon.
You aren't carrying any weapons that can be branded.
The two-headed ogre completely misses you.
The two-headed ogre barely misses you.
As you read the scroll labelled TAFA AJIRILUK, it crumbles to dust.
It is a scroll of enchant armour.
Your +0 pair of gloves glows green for a moment.
The air fills with toxic fumes!
As you read the scroll labelled KISYTZ DAISIUV, it crumbles to dust.
It was a scroll of poison.
The two-headed ogre is struck by your spines.
The two-headed ogre hits you with a +0 giant club!
* * * LOW HITPOINT WARNING * * *
The two-headed ogre hits you with a +0 giant club.
* * * LOW HITPOINT WARNING * * *
Okay, then.
As you read the scroll of butterflies, it crumbles to dust.
You hear the tinkle of a tiny bell.
The two-headed ogre is struck by your spines.
The two-headed ogre hits you with a +0 giant club!
You die...

######## ##.#
##### #§# #...##
#§# .....## #§#
.O....## #§#
####...#######
##§#
#.....§§§§###bb#
##....§§§§§bObb##
*
##..########@bb#
* #### ##bb# , *
#b## #§# > * #§#
,, * #§# , * #§#
#§# ,


You could see a two-headed ogre (ally target).

Vanquished Creatures
  Pikel (D:6)
  The ghost of Lance11888 the Trooper, a novice OgCA of Ignis (D:5)
  A hornet (D:8)
  Eustachio (D:5)
  Menkaure (D:6)
  A black bear (D:5)
  An orc warrior (D:8)
  3 ice beasts
  A centaur (D:5)
  3 phantoms
  A kobold brigand (D:4)
  2 bullfrogs
  5 scorpions
  A hornet simulacrum (D:5)
  7 wights
  A killer bee (D:5)
  3 howler monkeys
  2 hounds
  An orc priest (D:5)
  9 orc wizards
  3 iguanas
  A bullfrog simulacrum (D:5)
  A centaur simulacrum (D:5)
  8 gnolls
  5 adders
  2 hound simulacra (D:5)
  2 white imps (D:5)
  A dart slug (D:5)
  19 orcs
  10 endoplasms
  3 giant cockroaches
  13 goblins
  7 hobgoblins
  7 jackals
  3 quokkas
  7 ball pythons
  9 bats
  5 frilled lizards
  22 kobolds
  9 rats
183 creatures vanquished.

Vanquished Creatures (others)
  35 plants (D:4)
35 creatures vanquished.

Grand Total: 218 creatures vanquished

Notes
Turn   | Place    | Note
-------+----------+-------------------------------------------
     0 | D:1      | NinjaNoafa the Demonspawn Venom Mage began the quest for
                  | the Orb.
     0 | D:1      | Reached XP level 1. HP: 13/13 MP: 3/3
    37 | D:1      | Reached skill level 1 in Transmutations
   406 | D:1      | Gained mutation: Your touch may inflict minor irresistible
                  | damage on your foes. [demonic ancestry]
   406 | D:1      | Reached XP level 2. HP: 19/19 MP: 1/5
  1499 | D:1      | Reached XP level 3. HP: 24/24 MP: 3/6
  1556 | D:1      | Found a faded altar of an unknown god.
  1564 | D:1      | Got Plato's Handbook of Spellbinding
  2113 | D:2      | Identified a scroll of acquirement
  2113 | D:2      | Acquired a book of Burglary
  2272 | D:2      | Reached skill level 4 in Poison Magic
  2349 | D:2      | Gained mutation: You are partially covered in rugged brown
                  | scales. (AC +1, +3% HP) [demonic ancestry]
  2349 | D:2      | Reached XP level 4. HP: 20/30 MP: 0/7
  2697 | D:2      | Identified the ring of the Scarab {Wiz Will++}
  2703 | D:2      | Learned a level 2 spell: Poisonous Vapours
  2941 | D:2      | Learned a level 2 spell: Wereblood
  3630 | D:3      | Identified the amulet "Ducavate" {Faith rF++ rCorr Str-4
                  | Dex-5}
  4041 | D:3      | Reached XP level 5. HP: 2/36 MP: 0/8
  4371 | D:3      | You fall into a shaft and drop 1 floor!
  4435 | D:3      | Reached skill level 5 in Poison Magic
  5332 | D:4      | Reached skill level 1 in Fighting
  5332 | D:4      | Reached skill level 1 in Evocations
  5378 | D:4      | Gained mutation: Your touch may inflict irresistible damage
                  | on your foes. [demonic ancestry]
  5378 | D:4      | Reached XP level 6. HP: 44/44 MP: 0/9
  5821 | D:4      | Found a hazy altar of Hepliaklqana.
  5823 | D:4      | Identified the +1 robe "Usuawifa" {*Slow Regen+ Dex+7
                  | Archmagi}
  5930 | D:4      | Found a stormy altar of Qazlal.
  5933 | D:4      | Noticed a water elemental
  5934 | D:4      | Noticed an air elemental
  5934 | D:4      | Noticed a fire elemental
  5949 | D:4      | Became a worshipper of Qazlal Stormbringer
  6372 | D:4      | Found a shadowy altar of Dithmenos.
  6378 | D:4      | Found a broken altar of Ashenzari.
  6378 | D:4      | Found an ornate altar of the Wu Jian Council.
  6782 | D:5      | Entered Level 5 of the Dungeon
  6791 | D:5      | Found a shimmering altar of Xom.
  6971 | D:5      | Gained mutation: Your mind is acute. (Int +4, Str/Dex -1)
                  | [potion of mutation]
  6971 | D:5      | Gained mutation: You are strong-willed. (Will+) [potion of
                  | mutation]
  6971 | D:5      | Gained mutation: You passively map a small area around you.
                  | [potion of mutation]
  6971 | D:5      | Gained mutation: Your flesh is heat resistant. (rF+)
                  | [potion of mutation]
  7002 | D:5      | Noticed Lance11888's ghost (novice OgCA)
  7149 | D:5      | Reached skill level 1 in Invocations
  7149 | D:5      | Reached XP level 7. HP: 48/49 MP: 3/10
  7347 | D:5      | Noticed Eustachio
  7368 | D:5      | Killed Eustachio
  7369 | D:5      | Reached skill level 1 in Hexes
  7369 | D:5      | Reached skill level 1 in Air Magic
  7452 | D:5      | Found a runed translucent gate.
  7453 | D:5      | Found a runed translucent gate.
  7454 | D:5      | Found a runed translucent gate.
  7614 | D:5      | Found a shimmering blue altar of Sif Muna.
  7937 | D:5      | Got Sif Muna's Papyrus of Concussion
  7943 | D:5      | Learned a level 1 spell: Slow
  7945 | D:5      | Learned a level 1 spell: Shock
  7948 | D:5      | Learned a level 2 spell: Passwall
  7951 | D:5      | Learned a level 2 spell: Ensorcelled Hibernation
  8155 | D:6      | Noticed Pikel
  8173 | D:6      | Killed Pikel
  8174 | D:6      | Gained mutation: You are partially covered in sharp spines.
                  | [demonic ancestry]
  8174 | D:6      | Reached XP level 8. HP: 26/55 MP: 1/12
  8439 | D:6      | Found a staircase to the Ecumenical Temple.
  8450 | Temple   | Entered the Ecumenical Temple
  8920 | D:5      | Reached skill level 6 in Poison Magic
  8929 | D:5      | HP: 1/55 [killer bee (6)]
  9494 | D:6      | Noticed Menkaure
  9505 | D:6      | Killed Menkaure
 10021 | D:7      | Found Itit's Antique Armour Emporium.
 10108 | D:6      | Reached * piety under Qazlal
 10109 | D:6      | Reached skill level 7 in Poison Magic
 10187 | D:7      | Found Porph's Armour Shop.
 10190 | D:7      | Bought a +2 cloak for 181 gold pieces
 10215 | D:7      | Reached skill level 5 in Spellcasting
 10228 | D:7      | Learned a level 4 spell: Olgreb's Toxic Radiance
 10358 | D:7      | Reached skill level 1 in Conjurations
 10434 | D:7      | Found Uwnereeq's Antique Weapon Shop.
 10447 | D:7      | Reached XP level 9. HP: 58/60 MP: 7/16
 10640 | D:7      | Found Utzoy's Distillery.
 11380 | D:5      | Reached skill level 5 in Air Magic
 11392 | D:5      | Killed Lance11888's ghost
 11479 | D:5      | Reached ** piety under Qazlal
 11647 | D:7      | Bought an ichor-stained dagger for 224 gold pieces
 11647 | D:7      | Identified the +2 dagger "Cank" {speed, rC+ rN+++ Int+3
                  | SInv} (You bought it in a shop on level 7 of the Dungeon)
 11744 | D:8      | Found Hehudu's Book Boutique.
 12223 | D:8      | Learned a level 3 spell: Inner Flame
 12478 | D:8      | Reached skill level 1 in Short Blades
 12805 | D:9      | Noticed a two-headed ogre
 12819 | D:9      | HP: 3/60 [two-headed ogre/+0 giant club (27)]
 12844 | D:9      | Mangled by a two-headed ogre

Illustrated notes

Levels and vault maps discovered:
D:1:      wander_arrival_abandoned_jail, layout_loops_ring,
          shapermc_ecumenical_altar_rom_forum
D:2:      kb_forest_paths, layout_basic, st_stairs_1
D:3:      layout_loops_ring, minmay_checkerbox
D:4:      kennysheep_kobold_camp, layout_gridville, overflow_temple_1_default,
          nicolae_qazlal_style_of_elements, gammafunk_temple_overflow_forgotten
D:5:      layout_layer_cave, led_sif_book, mainiacjoe_overflow_tiny_flanked,
          gammafunk_ghost_icy, minmay_manual_monstrance, uniq_eustachio
D:6:      layout_basic, temple_statues, minmay_misc_feat_rows, uniq_menkaure,
          uniq_pikel
D:7:      layout_rooms, serial_shops, shop, shop, nicolae_stop_n_shop_2,
          nicolae_shop_window_shopping
D:8:      layout_loops_corners, serial_shops, shop
D:9:      layout_layer_cave, grunt_decor_fettered, uniq_maggie
Temple:   nicolae_temple_bog_church

Skill      XL: |  1  2  3  4  5  6  7  8  9 |
---------------+----------------------------+-----
Transmutations | 1 2 3 |  3.0
Poison Magic   | 4 5 7 |  7.0
Fighting       | 1 |  1.3
Dodging        | 2 3 |  3.0
Stealth        | 2 3 |  3.0
Evocations     | 1 3 |  3.0
Invocations    | 1 3 |  3.0
Hexes          | 3 |  3.0
Air Magic      | 3 5 |  5.0
Spellcasting   | 3 5 |  5.0
Conjurations   | 1 3 |  3.0
Staves         | 3 |  3.0
Fire Magic     | 4 |  4.5
Short Blades   | 1 |  1.2

Action                   |  1- 3 |  4- 6 |  7- 9 || total
-------------------------+-------+-------+-------++-------
Melee: Dagger            |    25 |    48 |    19 ||    92
       Unarmed           |    13 |       |       ||    13
       Touch             |     3 |    19 |    16 ||    38
       Staff             |       |    98 |    59 ||   157
Throw: Boomerang         |       |       |     3 ||     3
 Cast: Sting             |    73 |    58 |    32 ||   163
       Poisonous Vapours |       |    33 |    47 ||    80
       Wereblood         |       |     8 |     2 ||    10
       Shock             |       |       |    76 ||    76
       Passwall          |       |       |     3 ||     3
       Slow              |       |       |     5 ||     5
       Ensorcelled Hiber |       |       |    12 ||    12
       Olgreb's Toxic Ra |       |       |     5 ||     5
       Inner Flame       |       |       |     2 ||     2
Evoke: Wand              |       |       |     3 ||     3
  Use: Potion            |     2 |     6 |    13 ||    21
       Scroll            |     4 |     6 |    13 ||    23
 Stab: Sleeping          |     1 |     1 |     3 ||     5
Armor: Robe              |    19 |    66 |    35 ||   120
Dodge: Dodged            |    53 |   151 |   145 ||   349
Block: Other             |       |       |     9 ||     9

Table legend: (Time is in decaauts)
 A = Elapsed time spent in this place.
 B = Non-inter-level travel time spent in this place.
 C = Inter-level travel time spent in this place.
 D = Time resting spent in this place.
 E = Time spent auto-exploring this place.
 F = Levels seen in this place.
 G = Mean time per level.
                   A        B        C        D        E       F      G
               +--------+--------+--------+--------+--------+-----+--------+
         Total |  12884 |  12306 |    578 |    100 |  10527 |  10 | 1288.4 |
       Dungeon |  12706 |  12129 |    577 |    100 |  10359 |   9 | 1411.8 |
        Temple |    177 |    176 |      1 |      0 |    168 |   1 |  177.0 |
               +--------+--------+--------+--------+--------+-----+--------+

Top non-repeatable levels by time:
     D:5: 2669 daAuts
     D:2: 1959 daAuts
     D:1: 1666 daAuts
     D:3: 1634 daAuts
     D:4: 1546 daAuts
     D:6: 1253 daAuts
     D:8: 1072 daAuts
     D:7: 778 daAuts
  Temple: 177 daAuts
     D:9: 124 daAuts
